 Dungeon Crawl Stone Soup version 0.30-a0-313-gae38170b09 (webtiles) character file.

Game seed: 14661863730589439899

43 Bnni the Shield-Bearer (level 3, -1/20 HPs)
             Began as a Vine Stalker Fighter on Oct 26, 2022.
             Slain by a gnoll bouda
             ... wielding a +0 whip
              (2 damage)
             ... on level 2 of the Dungeon.
             The game lasted 00:02:15 (1219 turns).

Bnni the Shield-Bearer (Vine Stalker Fighter)       Turns: 1219, Time: 00:02:16

Health: -1/20      AC:  6    Str: 18    XL:     3   Next: 58%
Magic:  0/4        EV:  9    Int:  8    God:
Gold:   41         SH:  5    Dex: 15    Spells: 2/2 levels left

rFire   . . .      SeeInvis .    a - +0 rapier
rCold   . . .      Faith    .    c - +0 buckler
rNeg    . . .      Spirit   +    b - +0 scale mail
rPois   .          Reflect  .    (no helmet)
rElec   .          Harm     .    (no cloak)
rCorr   .          Rampage  .    (no gloves)
Will    .....                    (no boots)
Stlth   ..........               (no amulet)
HPRegen 0.23/turn                (no ring)
MPRegen 0.09/turn                (no ring)

@: no status effects
A: fangs 2, magic shield, antimagic bite, no potion heal 2
a: no special abilities


You were on level 2 of the Dungeon.
You visited 1 branch of the dungeon, and saw 2 of its levels.

You collected 41 gold pieces.

Inventory:

Hand Weapons
 a - a +0 rapier (weapon)
Missiles
 f - 6 poisoned darts (quivered)
Armour
 b - a +0 scale mail (worn)
 c - a +0 buckler (worn)
Scrolls
 e - 2 scrolls of enchant armour {unknown}
 g - 3 scrolls of identify {unknown}
 h - a scroll of vulnerability {unknown}
 i - a scroll of teleportation {unknown}
 j - a scroll of summoning {unknown}
Potions
 d - a potion of might


   Skills:
 + Level 3.0 Fighting
 * Level 2.5 Short Blades
 - Level 2.4 Armour
 * Level 3.3 Shields


You had 2 spell levels left.
You didn't know any spells.
Your spell library contained the following spells:

 Spells                   Type           Power      Damage    Failure   Level
 Scorch                   Fire           0%         2d5       95%         2
 Ozocubu's Armour         Ice            0%         N/A       99%         3
 Portal Projectile        Hex/Tloc       0%         N/A       99%         3
 Tukima's Dance           Hex            0%         N/A       99%         3
 Flame Wave               Conj/Fire      0%         2d4       100%        4
 Blade Hands              Tmut           0%         N/A       100%        5
 Summon Cactus Giant      Summ           0%         N/A       100%        6
 Ozocubu's Refrigeration  Ice            0%         4d7       100%        7


Dungeon Overview and Level Annotations

Branches:
Dungeon (2/15)

Altars:
Ashenzari


Innate Abilities, Weirdness & Mutations

You have extremely sharp teeth.
When hurt, damage is shared between your health and your magic reserves.
Your bite disrupts and absorbs the magic of your enemies.
Potions cannot restore your health.


Message History

2 gnolls come into view.
The gnoll shouts!
A gnoll comes into view. It is wielding a +0 whip.
A gnoll bouda comes into view. It is wielding a +0 whip.
The gnoll moves out of view.
There are monsters nearby!
The gnoll shouts!
You hear a shout! 2 gnolls come into view.
The gnoll closely misses you.
The gnoll bouda barks out a call to the hunt!
The gnolls pick up the pace!
You hit the gnoll.
The gnoll is moderately wounded.
You barely miss the gnoll bouda. Your bite misses the gnoll bouda.
The gnoll barely misses you.
You hit the gnoll bouda but do no damage.
You bite the gnoll bouda, but do no damage.
The gnoll barely misses you.
The gnoll bouda hits you but does no damage.
The gnoll closely misses you.
You barely miss the gnoll bouda.
You bite the gnoll bouda, but do no damage.
The gnoll bouda hits you with a +0 whip.
The gnoll hits you from afar with a +0 spear.
You hit the gnoll bouda.
The gnoll bouda is lightly wounded.
The gnoll bouda hits you with a +0 whip!
Ouch! That really hurt!
* * * LOW HITPOINT WARNING * * *
The gnoll hits you from afar with a +0 spear.
* * * LOW HITPOINT WARNING * * *
Okay, then.
Sorry, you're not good enough to have a special ability.
Unknown command.
You aren't carrying any items that you can evoke.
Unknown command.
Unknown command.
The gnoll bouda attacks as you move away!
The gnoll bouda hits you with a +0 whip.
You die...

... ##...## ###.###
... ##'## #.# #... #.#
#.# #)# #.# ##.## #.#
##...## #.# #
..###.....##########.#
#
.....................#
#
#.#####@##############
#g# #g# #.# #g# #.#
#g# #g# .g.


You could see a gnoll bouda and 4 gnolls.

Vanquished Creatures
  2 dart slugs (D:1)
  2 endoplasms (D:1)
  8 goblins
  7 hobgoblins
  A quokka (D:1)
  3 ball pythons (D:1)
  2 bats (D:1)
  2 frilled lizards (D:1)
  7 kobolds
  A rat (D:2)
35 creatures vanquished.

Notes
Turn   | Place    | Note
-------+----------+-------------------------------------------
     0 | D:1      | Bnni the Vine Stalker Fighter began the quest for the Orb.
     0 | D:1      | Reached XP level 1. HP: 11/11 MP: 2/2
   138 | D:1      | Reached XP level 2. HP: 12/16 MP: 1/3
   474 | D:1      | Reached XP level 3. HP: 19/19 MP: 4/4
   912 | D:2      | Found a broken altar of Ashenzari.
  1216 | D:2      | HP: 1/20 [gnoll/+0 spear[a gnoll bouda] (4)]
  1219 | D:2      | Slain by a gnoll bouda

Illustrated notes

Levels and vault maps discovered:
D:1:      dpeg_arrival_yet_another_circle, layout_basic, minmay_misc_feat_tiny
D:2:      layout_loops_corners, basic_altar, eino_tiny_chamber

Skill      XL: |  1  2  3 |
---------------+----------+-----
Short Blades   | 2 |  2.5
Shields        | 3 |  3.3
Fighting       | 3 |  3.0
Armour         | |  2.4

Action                   || total
-------------------------++-------
Melee: Rapier            ||    85
       Bite              ||    18
Armor: Scale mail        ||    25
Dodge: Dodged            ||    44
Block: Buckler           ||    11

Table legend: (Time is in decaauts)
 A = Elapsed time spent in this place.
 B = Non-inter-level travel time spent in this place.
 C = Inter-level travel time spent in this place.
 D = Time resting spent in this place.
 E = Time spent auto-exploring this place.
 F = Levels seen in this place.
 G = Mean time per level.
                   A        B        C        D        E       F      G
               +--------+--------+--------+--------+--------+-----+--------+
         Total |   1229 |   1190 |     39 |      0 |    980 |   2 |  614.5 |
       Dungeon |   1229 |   1190 |     39 |      0 |    980 |   2 |  614.5 |
               +--------+--------+--------+--------+--------+-----+--------+

Top non-repeatable levels by time:
     D:1: 919 daAuts
     D:2: 309 daAuts
